Map: Triton LE

Players

pHARM

  • Race: Zerg Zerg
  • League: Platinum
  • Spawn Location: 11:00

AntiNeutral - Winner!

  • Race: Zerg Zerg
  • League: Platinum
  • Spawn Location: 5:00

VOD

Have the link to the VOD?

Description

Time

  • Played on: Sept. 1, 2019, 11:01 a.m.
  • Length: 13:18
Show
View Real Time Build Order
Export as new Build Order

pHARM Zerg 

Build Orders: Hatch First 

Get SALT Encoding   

  12  0:01  Drone  
  13  0:13  Overlord  
  13  0:19  Drone  
  14  0:32  Drone x2  
  16  0:52  Hatchery  
  16  0:56  Drone x2  
  17  1:00  Drone  
  18  1:15  Spawning Pool  
  17  1:23  Drone x2  
  19  1:29  Drone  
  20  1:39  Extractor  
  19  1:40  Drone  
  20  1:53  Overlord  
  20  2:04  Queen x2  
  20  2:06  Drone x2  
  26  2:17  Drone x2  
  28  2:31  Drone x2  
  30  2:40  Spine Crawler  
  30  2:41  Zergling x2  
  30  2:42  Zergling x2  
  31  2:50  Queen x2  
  35  2:59  Drone, Baneling Nest  
  35  3:00  Drone  
  35  3:02  Overlord x2  
  36  3:24  Drone x8  
  44  3:32  Evolution Chamber  
  43  3:49  Lair  
  43  3:55  Overlord  
  43  4:02  Roach Warren  
  42  4:22  Drone x11  
  42  4:23  Drone x3  
  56  4:25  Zerg Missile Weapons Level 1, Extractor  
  56  4:26  Extractor  
  53  4:45  Drone x4  
  57  4:52  Glial Reconstitution  
  57  4:56  Roach  
  59  5:09  Overlord  
  59  5:10  Overlord x4  
  59  5:17  Hatchery  
  58  5:33  Zergling x2  
  58  5:34  Zergling x12  
  65  5:48  Hatchery  
  64  5:51  Roach  
  64  5:52  Roach x2  
  64  5:53  Baneling  
  64  5:54  Baneling x7  
  69  6:19  Roach x8  
  85  6:30  Extractor  
  85  6:32  Zerg Missile Weapons Level 2  
  83  6:33  Hydralisk Den  
  80  6:53  Roach  
  80  6:54  Roach x5  
  92  7:24  Roach x10  
  112  7:34  Overlord x3  
  112  7:44  Extractor x2  
  110  7:55  Roach x7  
  110  7:56  Roach  
  126  8:24  Overlord  
  126  8:25  Overlord x6  
  126  8:26  Roach x5  
  136  8:39  Overlord x10  
  130  8:56  Drone  
  130  8:57  Drone x6  
  137  9:07  Grooved Spines  
  137  9:39  Drone  
  137  9:40  Drone x14  
  137  9:41  Overseer  
  152  10:19  Muscular Augments  
  152  10:32  Hatchery  
  151  10:40  Hydralisk  
  151  10:41  Hydralisk x17  
  187  11:09  Spine Crawler  
  186  11:12  Drone x6, Spine Crawler  
  186  11:13  Drone x3  
  184  12:00  Roach  
  184  12:01  Roach x11  
  192  12:08  Roach x7  
  178  12:09  Roach x2  
  150  12:18  Roach x3  
  128  12:29  Roach  
  124  12:30  Roach x3  
  124  12:35  Roach x3  
  102  12:37  Roach x2  
  102  12:42  Roach x3  
  93  12:49  Roach x3  
  91  12:54  Roach x4  
  91  12:57  Roach  
  91  12:58  Roach x3  
Show
View Real Time Build Order
Export as new Build Order

AntiNeutral Zerg - Winner!

Build Orders: Hatch First 

Get SALT Encoding   

  12  0:01  Drone  
  13  0:12  Overlord  
  13  0:19  Drone  
  14  0:31  Drone x2  
  16  0:38  Drone  
  17  0:56  Hatchery  
  16  1:02  Drone x2  
  18  1:13  Spawning Pool  
  18  1:16  Drone  
  18  1:32  Drone x2  
  20  1:38  Overlord  
  20  1:49  Drone  
  21  1:55  Extractor  
  21  2:00  Queen  
  22  2:02  Drone  
  22  2:08  Drone, Queen  
  25  2:11  Zergling x2  
  27  2:21  Drone  
  28  2:23  Drone  
  29  3:05  Drone x6  
  35  3:11  Overlord  
  35  3:15  Overlord  
  35  3:21  Baneling Nest  
  35  3:22  Metabolic Boost  
  34  3:39  Drone  
  34  3:40  Drone x2  
  34  3:41  Drone, Extractor  
  37  3:45  Drone  
  37  3:48  Drone x5  
  41  3:49  Drone  
  44  4:01  Zergling x2  
  44  4:02  Zergling x6  
  48  4:16  Zergling x8  
  52  4:20  Overlord x2  
  52  4:46  Roach Warren  
  51  5:05  Drone x4  
  51  5:06  Drone x5  
  59  5:12  Extractor  
  59  5:13  Extractor  
  57  5:14  Lair  
  57  5:25  Evolution Chamber  
  57  5:26  Evolution Chamber  
  55  5:29  Spine Crawler  
  55  5:32  Spine Crawler  
  53  5:45  Zergling x2  
  53  5:46  Zergling x14  
  61  6:06  Zerg Ground Armor Level 1, Zerg Missile Weapons Level 1  
  52  6:43  Hydralisk Den  
  47  6:54  Queen  
  47  6:56  Queen  
  47  6:58  Overlord x2  
  47  6:59  Hatchery  
  51  7:01  Drone x2  
  51  7:03  Drone  
  51  7:04  Drone x2  
  55  7:09  Roach  
  55  7:10  Roach x5  
  67  7:22  Roach  
  75  7:23  Roach x7  
  83  7:32  Grooved Spines  
  83  7:52  Overlord x5  
  83  8:05  Zerg Ground Armor Level 2, Zerg Missile Weapons Level 2  
  83  8:22  Ravager  
  83  8:26  Hydralisk x10  
  104  8:44  Muscular Augments  
  104  8:48  Hydralisk x7  
  110  9:02  Roach  
  112  9:03  Roach x3  
  117  9:24  Overlord  
  117  9:25  Overlord x3  
  117  9:32  Hatchery  
  117  9:37  Overlord  
  117  9:38  Overlord x2  
  116  9:49  Hatchery  
  115  9:54  Roach  
  115  9:55  Roach x6  
  129  10:11  Glial Reconstitution  
  129  10:14  Roach  
  129  10:15  Roach x6  
  143  10:34  Roach  
  143  10:35  Roach x5  
  155  10:43  Roach  
  155  10:44  Roach x3  
  163  11:04  Queen  
  163  11:06  Overlord x2  
  163  11:08  Hydralisk  
  163  11:09  Hydralisk x4  
  175  11:40  Roach  
  175  11:41  Roach x11  
  159  12:10  Roach  
  159  12:11  Roach x7  
  141  12:21  Roach  
  121  12:27  Hydralisk x5  
  121  12:28  Hydralisk x4  
  131  12:47  Roach  
  131  12:48  Roach x6  
Tags
 
Matchup
ZvZ
Race
Zerg
Replay Pack
10.7.19
Spawn Locations
Cross Positions
Add a new tag
Caveats
  • Supply blocks, unpowered buildings, or Contaminate may cause inaccurate times.
  • Supply counts are checked every 10 seconds.